 Dungeon Crawl Stone Soup version 0.31-a0-7-g51783674b7 (webtiles) character file.

Game seed: 6177951515571476227

306 strifetoe the Chopper (level 6, -8/37 HPs)
             Began as a Gargoyle Fighter on May 6, 2023.
             Killed by divine providence
             ... invoked by an orc priest
              (14 damage)
             ... on level 3 of the Dungeon.
             The game lasted 00:01:35 (1681 turns).

strifetoe the Chopper (Gargoyle Fighter)            Turns: 1681, Time: 00:01:36

Health: -8/37      AC: 13    Str: 21    XL:     6   Next: 39%
Magic:  6/6        EV:  7    Int:  9    God:
Gold:   104        SH:  4    Dex:  9    Spells: 5/5 levels left

rFire   . . .        a - +0 war axe
rCold   . . .        c - +0 buckler
rNeg    + . .        n - +0 chain mail
rPois   ∞            (no helmet)
rElec   +            (no cloak)
rCorr   .            (no gloves)
SInv    .            (no boots)
Will    .....        (no amulet) Stlth
                     (no ring)
HPRegen 0.26/turn    (no ring)
MPRegen 0.10/turn

%: no passive effects
@: no status effects
A: sickness immunity, AC +4, negative energy resistance 1, electricity
resistance, torment resistance 1, petrification resistance
a: no special abilities


You were on level 3 of the Dungeon.
You visited 1 branch of the dungeon, and saw 3 of its levels.

You collected 104 gold pieces.

Inventory:

Hand Weapons
 a - a +0 war axe (weapon)
Armour
 b - a +0 scale mail
 c - a +0 buckler (worn)
 n - a +0 chain mail (worn)
Jewellery
 m - a ring of flight
Scrolls
 e - a scroll of amnesia {unknown}
 f - a scroll of teleportation
Potions
 g - 2 potions of degeneration {unknown}
 h - a potion of flight {unknown}
 i - a potion of magic {unknown}
 j - a potion of berserk rage {unknown}
 k - a potion of attraction {unknown}
 l - 3 potions of curing {unknown}


   Skills:
 - Level 3.2 Fighting
 + Level 6.0 Axes
 - Level 3.2 Armour
 - Level 3.2 Shields


You had 5 spell levels left.
You didn't know any spells.
Your spell library was empty.

Dungeon Overview and Level Annotations

Branches:
Dungeon (3/15)

Altars:


Innate Abilities, Weirdness & Mutations

You are immune to sickness and miasma.
Your stone body is resilient. (AC +4)
You are immune to poison.
You resist negative energy. (rN+)
You are resistant to electric shocks. (rElec)
You are resistant to unholy torment.
You are immune to petrification.


Message History

An orc priest comes into view. It is wielding a +0 quarterstaff.
An orc priest is nearby!
An orc priest is nearby!
An orc priest is nearby!
The orc priest shouts!
The orc priest invokes the aid of Beogh against you.
Pain shoots through your body!
An orc wizard comes into view. It is wielding a +0 dagger.
The orc priest hits you with a +0 quarterstaff!
You barely miss the orc priest.
The orc wizard shouts!
You hear a shout!
You hear an angry hiss.
The orc priest hits you but does no damage.
The orc priest invokes the aid of Beogh against you.
Beogh smites you!
* * * LOW HITPOINT WARNING * * *
You are too injured to fight recklessly!
You are too injured to fight recklessly!
You are too injured to fight recklessly!
You are too injured to fight recklessly!
You are too injured to fight recklessly!
You are too injured to fight recklessly!
You are too injured to fight recklessly!
You are too injured to fight recklessly!
You are too injured to fight recklessly!
You are too injured to fight recklessly!
You are too injured to fight recklessly!
You are too injured to fight recklessly!
You are too injured to fight recklessly!
Unknown command.
You hit the orc priest but do no damage.
The orc priest hits you with a +0 quarterstaff.
* * * LOW HITPOINT WARNING * * *
You slash the orc priest!
The orc priest is heavily wounded.
An orc comes into view. It is wielding a +0 falchion.
The orc wizard casts a spell at you.
The magic dart hits you but does no damage.
The orc priest calls down the wrath of Beogh upon you.
Beogh smites you!
You die...

##.......#.......####
#...............##.>
##.......##########.#
#.......## #.#
#.##...### . #.# #.
#...###.##### #.# #
#...........#.##..
#.###........<...####
#..o@o.###.#...[.####
........###
#......... ##o##.#.#
..(...#### #.#.#
##.....# # ..#
##.#### #.# #.# #.#
... # ..# #### ....


You could see an orc priest, an orc wizard and an orc (wandering).

Vanquished Creatures
  Sigmund (D:3)
  Jessica (D:2)
  Natasha (D:3)
  5 adders (D:2)
  A worm (D:2)
  2 dart slugs (D:1)
  An orc (D:3)
  4 giant cockroaches
  5 goblins
  6 hobgoblins
  2 jackals (D:2)
  4 kobolds
  2 quokkas (D:1)
  3 ball pythons
  3 bats
  3 rats
44 creatures vanquished.

Notes
Turn   | Place    | Note
-------+----------+-------------------------------------------
     0 | D:1      | strifetoe the Gargoyle Fighter began the quest for the Orb.
     0 | D:1      | Reached XP level 1. HP: 14/14 MP: 1/1
    24 | D:1      | Reached skill level 2 in Axes
    41 | D:1      | Reached XP level 2. HP: 14/19 MP: 2/2
   276 | D:1      | Reached skill level 3 in Axes
   302 | D:1      | Reached XP level 3. HP: 22/23 MP: 3/3
   347 | D:1      | You fall into a shaft and drop 1 floor!
   580 | D:2      | Reached XP level 4. HP: 20/28 MP: 4/4
   675 | D:2      | Reached skill level 4 in Axes
   740 | D:2      | Noticed Jessica
   748 | D:2      | Killed Jessica
  1103 | D:2      | Reached XP level 5. HP: 32/32 MP: 5/5
  1321 | D:3      | Noticed Natasha
  1328 | D:3      | Killed Natasha
  1633 | D:3      | Noticed Sigmund
  1647 | D:3      | Killed Sigmund
  1648 | D:3      | Reached skill level 6 in Axes
  1648 | D:3      | Reached XP level 6. HP: 35/37 MP: 6/6
  1681 | D:3      | Killed from afar by an orc priest

Illustrated notes

Levels and vault maps discovered:
D:1:      psy_arrival_statuary, layout_basic, corner_web_ring,
          minmay_pentomino_r2
D:2:      layout_loops_corners, wad_floor_pattern_untrapped, uniq_jessica
D:3:      minmay_angry_zag, layout_loops_cross, item_on_display_a, uniq_robin,
          uniq_sigmund, uniq_natasha

Skill      XL: |  1  2  3  4  5 |
---------------+----------------+-----
Axes           | 2 3 4 6 |  6.0
Fighting       | |  3.2
Armour         | |  3.2
Shields        | |  3.2

Action                     |  1- 3 |  4- 6 || total
---------------------------+-------+-------++-------
  Melee: War axe           |   104 |    70 ||   174
    Use: Scroll            |       |     2 ||     2
         Potion            |       |     1 ||     1
 Armour: Scale mail        |    71 |    31 ||   102
         Chain mail        |       |     6 ||     6
  Dodge: Dodged            |    59 |    29 ||    88
  Block: Buckler           |    17 |     8 ||    25

Table legend: (Time is in decaauts)
 A = Elapsed time spent in this place.
 B = Non-inter-level travel time spent in this place.
 C = Inter-level travel time spent in this place.
 D = Time resting spent in this place.
 E = Time spent auto-exploring this place.
 F = Levels seen in this place.
 G = Mean time per level.
                   A        B        C        D        E       F      G
               +--------+--------+--------+--------+--------+-----+--------+
         Total |   1742 |   1704 |     38 |     28 |   1266 |   3 |  580.7 |
       Dungeon |   1742 |   1704 |     38 |     28 |   1266 |   3 |  580.7 |
               +--------+--------+--------+--------+--------+-----+--------+

Top non-repeatable levels by time:
     D:2: 973 daAuts
     D:3: 397 daAuts
     D:1: 372 daAuts
